[Event "European School-ch 2019"]
[Site "Mamaia"]
[Date "2019.06.01"]
[Round "2.23"]
[White "Nemsadze, Daviti"]
[Black "Butolo, Alexandru-Mircea"]
[Result "1/2-1/2"]
[ECO "A04"]
[WhiteElo "1803"]
[BlackElo "1553"]
[Annotator "NA"]
[PlyCount "34"]
[EventDate "2019.05.31"]
[EventType "swiss"]
[EventCountry "ROU"]
[SourceTitle "playchess.com"]
[Source "ChessBase"]
[SourceQuality "1"]
[TimeControl "40/5400+30:1800+30"]

1. Nf3 c5 2. c4 Nc6 3. g3 g6 4. Bg2 Bg7 5. O-O e5 6. Nc3 Nge7 7. d3 O-O 8. Ne1 d6 9. Nc2 Be6 10. Nd5 f5 11. Rb1 a5 12. Na3 Nb4 13. e4 Nexd5 14. exd5 Bd7 15. Ra1 Qe8 16. Re1 Qf7 17. f3 f4 1/2-1/2

[Event "European School-ch 2019"]
[Site "Mamaia"]
[Date "2019.06.01"]
[Round "2.24"]
[White "Gusev, Mikhail"]
[Black "Kolesov, Gordey"]
[Result "1-0"]
[ECO "C70"]
[WhiteElo "1463"]
[BlackElo "1745"]
[Annotator "NA"]
[PlyCount "75"]
[EventDate "2019.05.31"]
[EventType "swiss"]
[EventCountry "ROU"]
[SourceTitle "playchess.com"]
[Source "ChessBase"]
[SourceQuality "1"]
[TimeControl "40/5400+30:1800+30"]

1. e4 e5 2. Nf3 Nc6 3. Bb5 a6 4. Ba4 g6 5. d4 b5 6. Bb3 exd4 7. c3 Bg7 8. cxd4 d6 9. O-O Nge7 10. Be3 O-O 11. Nc3 Na5 12. Qd2 Nxb3 13. axb3 Bg4 14. Ne1 b4 15. Ne2 Qb8 16. h3 Bd7 17. Nf3 Qb7 18. Ng3 f5 19. exf5 Nxf5 20. Nxf5 Bxf5 21. Bh6 Bxh3 22. Bxg7 Kxg7 23. d5 Bd7 24. Rfe1 Rae8 25. Qg5 Bf5 26. Qd2 Qb6 27. Nd4 Bd7 28. Rac1 a5 29. Re3 Rxe3 30. Qxe3 Re8 31. Qf4 Re5 32. Nf3 Rxd5 33. Re1 Rf5 34. Re7+ Kf8 35. Qh4 Be8 36. Nd4 Rf7 37. Ne6+ Kg8 38. Rxe8+ 1-0

[Event "European School-ch 2019"]
[Site "Mamaia"]
[Date "2019.06.01"]
[Round "2.25"]
[White "Conon, Catalin"]
[Black "Krawczyk, Flawian"]
[Result "0-1"]
[ECO "A45"]
[WhiteElo "1533"]
[BlackElo "1795"]
[Annotator "NA"]
[PlyCount "116"]
[EventDate "2019.05.31"]
[EventType "swiss"]
[EventCountry "ROU"]
[SourceTitle "playchess.com"]
[Source "ChessBase"]
[SourceQuality "1"]
[TimeControl "40/5400+30:1800+30"]

1. d4 Nf6 2. Bg5 g6 3. Bxf6 exf6 4. e3 Bg7 5. g3 O-O 6. Bg2 d5 7. Ne2 c6 8. O-O Nd7 9. Nd2 Re8 10. Nf4 f5 11. c4 dxc4 12. Nxc4 Nb6 13. Nxb6 Qxb6 14. Qc2 Be6 15. Nxe6 fxe6 16. Qb3 Qxb3 17. axb3 a6 18. f4 Rad8 19. Rac1 Bf8 20. Rfd1 Rd7 21. Kf2 Red8 22. Ke2 Bb4 23. h3 h5 24. Bf3 Kf7 25. g4 hxg4 26. hxg4 Rh8 27. Rh1 Rxh1 28. Rxh1 Kg7 29. gxf5 exf5 30. Rd1 Kf6 31. Rh1 a5 32. Rc1 Rh7 33. Rh1 Rd7 34. Rc1 Rd8 35. Ra1 Ra8 36. Bg2 Rg8 37. Rc1 g5 38. fxg5+ Rxg5 39. Bf3 Rg6 40. d5 cxd5 41. Bxd5 Rh6 42. Rh1 Rxh1 43. Bxh1 b6 44. Kd3 Ke5 45. Bf3 Bc5 46. Bh1 Kf6 47. Bf3 Kg5 48. e4 f4 49. Kc4 Kh4 50. e5 Kg3 51. Bd1 f3 52. Bxf3 Kxf3 53. Kb5 Ke2 54. e6 Kd2 55. e7 Bxe7 56. Kxb6 Bb4 57. Kb5 Kc2 58. Kc4 Kxb2 0-1

[Event "European School-ch 2019"]
[Site "Mamaia"]
[Date "2019.06.01"]
[Round "2.26"]
[White "Ciocani, Iosif"]
[Black "Akkas, Doruk"]
[Result "0-1"]
[ECO "B84"]
[WhiteElo "1740"]
[BlackElo "1565"]
[Annotator "NA"]
[PlyCount "74"]
[EventDate "2019.05.31"]
[EventType "swiss"]
[EventCountry "ROU"]
[SourceTitle "playchess.com"]
[Source "ChessBase"]
[SourceQuality "1"]
[TimeControl "40/5400+30:1800+30"]

1. e4 c5 2. Nf3 e6 3. d4 cxd4 4. Nxd4 Nf6 5. Nc3 d6 6. Be2 a6 7. O-O Be7 8. a4 O-O 9. Be3 Qc7 10. a5 Nbd7 11. Nb3 b6 12. axb6 Nxb6 13. Qd4 Nbd7 14. Ra2 Bb7 15. f3 d5 16. exd5 Nxd5 17. Nxd5 Bxd5 18. Qd2 Nc5 19. Bxc5 Bxc5+ 20. Kh1 Rfd8 21. Qc3 Qb6 22. Raa1 Bb4 23. Qe5 a5 24. Qg5 Rac8 25. Bd3 Bxb3 26. Bxh7+ Kxh7 27. Qh4+ Kg8 28. cxb3 Qd4 29. f4 Qxb2 30. Rad1 Rxd1 31. Rxd1 Qxb3 32. Rf1 a4 33. f5 exf5 34. Qg5 Qd3 35. Rg1 a3 36. Qf4 Qe4 37. Qf1 Bc5 0-1

[Event "European School-ch 2019"]
[Site "Mamaia"]
[Date "2019.06.01"]
[Round "2.27"]
[White "Kotelnikov, Konstantin"]
[Black "Celik, Hasan Huseyin"]
[Result "0-1"]
[ECO "C11"]
[WhiteElo "1546"]
[BlackElo "1727"]
[Annotator "NA"]
[PlyCount "94"]
[EventDate "2019.05.31"]
[EventType "swiss"]
[EventCountry "ROU"]
[SourceTitle "playchess.com"]
[Source "ChessBase"]
[SourceQuality "1"]
[TimeControl "40/5400+30:1800+30"]

1. e4 e6 2. Nf3 d5 3. Nc3 Nf6 4. e5 Nfd7 5. d4 c5 6. dxc5 Bxc5 7. Bd3 Nc6 8. Bf4 Be7 9. h4 a6 10. Qe2 Qa5 11. O-O Qb4 12. g3 Qxb2 13. Bd2 Qb6 14. Na4 Qc7 15. Rfe1 b5 16. Nc3 Bb7 17. a4 b4 18. Nd1 Nc5 19. Nb2 Nxd3 20. Nxd3 a5 21. c3 Ba6 22. Qe3 Qa7 23. Nd4 Nxd4 24. cxd4 Bxd3 25. Qxd3 Qa6 26. Qf3 Rc8 27. Rac1 O-O 28. Qg4 Rxc1 29. Rxc1 Rc8 30. Qd1 Rc4 31. Be3 Qc6 32. Kh2 Bd8 33. Kg2 Bb6 34. Rb1 Bd8 35. Rc1 Rxc1 36. Qxc1 Qxc1 37. Bxc1 Kf8 38. Kf3 f6 39. Ke2 fxe5 40. dxe5 Bb6 41. Bb2 Kf7 42. h5 g6 43. hxg6+ Kxg6 44. g4 h5 45. gxh5+ Kxh5 46. f4 Kg4 47. Bc1 Bg1 0-1

[Event "European School-ch 2019"]
[Site "Mamaia"]
[Date "2019.06.01"]
[Round "2.28"]
[White "Kumar, Sanjit S"]
[Black "Zheng, Harry Z"]
[Result "0-1"]
[ECO "C55"]
[WhiteElo "1392"]
[BlackElo "1653"]
[Annotator "NA"]
[PlyCount "50"]
[EventDate "2019.05.31"]
[EventType "swiss"]
[EventCountry "ROU"]
[SourceTitle "playchess.com"]
[Source "ChessBase"]
[SourceQuality "1"]
[TimeControl "40/5400+30:1800+30"]

1. e4 e5 2. Nf3 Nc6 3. d4 exd4 4. Bc4 Nf6 5. e5 d5 6. Bb5 Ne4 7. Nxd4 Bd7 8. Bxc6 bxc6 9. O-O Be7 10. f3 Nc5 11. Be3 Ne6 12. Nxe6 fxe6 13. c4 O-O 14. Nc3 Rf5 15. f4 Kh8 16. Qe2 Qf8 17. Rad1 Bb4 18. Qc2 Bc5 19. Bd4 Bxd4+ 20. Rxd4 c5 21. Rd2 d4 22. Ne4 Rxf4 23. Rxf4 Qxf4 24. Nxc5 Qxe5 25. Nxd7 Qe1# 0-1

[Event "European School-ch 2019"]
[Site "Mamaia"]
[Date "2019.06.01"]
[Round "2.29"]
[White "Durucay, Uygar"]
[Black "Taragan, Uri"]
[Result "1-0"]
[ECO "A45"]
[WhiteElo "1575"]
[BlackElo "1164"]
[Annotator "NA"]
[PlyCount "55"]
[EventDate "2019.05.31"]
[EventType "swiss"]
[EventCountry "ROU"]
[SourceTitle "playchess.com"]
[Source "ChessBase"]
[SourceQuality "1"]
[TimeControl "40/5400+30:1800+30"]

1. d4 Nf6 2. Bf4 e6 3. e3 c5 4. c3 Qb6 5. Qc2 Nc6 6. Nf3 d5 7. Nbd2 Bd7 8. Bd3 Be7 9. h3 c4 10. Be2 Qa5 11. Ne5 b5 12. e4 b4 13. O-O O-O 14. Bg5 Rfd8 15. Nxc6 Bxc6 16. e5 bxc3 17. bxc3 Ba4 18. Qc1 Ne4 19. Nxe4 Bxg5 20. Nxg5 f6 21. exf6 gxf6 22. Nxe6 Re8 23. Bg4 h5 24. Qh6 Re7 25. Qg6+ Kh8 26. Qxf6+ Kg8 27. Qxe7 hxg4 28. Qg7# {[%emt 0:00:13] Kh8} 1-0

[Event "European School-ch 2019"]
[Site "Mamaia"]
[Date "2019.06.01"]
[Round "2.30"]
[White "Anghelescu, Teodor-Stefan"]
[Black "Yasmo, Daniil"]
[Result "1/2-1/2"]
[ECO "D00"]
[WhiteElo "1266"]
[BlackElo "1424"]
[Annotator "NA"]
[PlyCount "29"]
[EventDate "2019.05.31"]
[EventType "swiss"]
[EventCountry "ROU"]
[SourceTitle "playchess.com"]
[Source "ChessBase"]
[SourceQuality "1"]
[TimeControl "40/5400+30:1800+30"]

1. d4 d5 2. Bf4 Nf6 3. e3 e6 4. Bd3 Bd6 5. Bg3 O-O 6. Nf3 b6 7. Nbd2 Bb7 8. c3 c5 9. O-O Nc6 10. Ne5 Qc7 11. f4 Ne7 12. Qf3 Ng6 13. Bf2 Qe7 14. g4 Ne8 15. a4 1/2-1/2

[Event "European School-ch 2019"]
[Site "Mamaia"]
[Date "2019.06.01"]
[Round "2.31"]
[White "Karimli, Yusif"]
[Black "Finta, Marc-Alexandru"]
[Result "1-0"]
[ECO "A05"]
[WhiteElo "1470"]
[BlackElo "1131"]
[Annotator "NA"]
[PlyCount "43"]
[EventDate "2019.05.31"]
[EventType "swiss"]
[EventCountry "ROU"]
[SourceTitle "playchess.com"]
[Source "ChessBase"]
[SourceQuality "1"]
[TimeControl "40/5400+30:1800+30"]

1. Nf3 Nf6 2. g3 e6 3. Bg2 Bc5 4. d4 Bb6 5. O-O O-O 6. c4 c5 7. dxc5 Bxc5 8. Nc3 Nc6 9. Bf4 Re8 10. Ne5 Nxe5 11. Bxe5 d6 12. Bd4 Bxd4 13. Qxd4 e5 14. Qd3 Qc7 15. Nb5 Qb6 16. Qxd6 Qxd6 17. Nxd6 Rd8 18. Rfd1 Rb8 19. c5 b6 20. c6 Ne8 21. Nxe8 Rxe8 22. c7 1-0

[Event "European School-ch 2019"]
[Site "Mamaia"]
[Date "2019.06.01"]
[Round "2.32"]
[White "Korovko, Iakov"]
[Black "Paunescu, Stefan-Vlad"]
[Result "1-0"]
[ECO "B40"]
[WhiteElo "1232"]
[BlackElo "1358"]
[Annotator "NA"]
[PlyCount "59"]
[EventDate "2019.05.31"]
[EventType "swiss"]
[EventCountry "ROU"]
[SourceTitle "playchess.com"]
[Source "ChessBase"]
[SourceQuality "1"]
[TimeControl "40/5400+30:1800+30"]

1. e4 c5 2. Nf3 e6 3. b3 d5 4. exd5 exd5 5. d4 cxd4 6. Nxd4 Nf6 7. Be2 Be7 8. O-O O-O 9. Bb2 b6 10. Nd2 a6 11. N2f3 Bb7 12. a3 Re8 13. Re1 Nc6 14. Bd3 Nxd4 15. Nxd4 Bf8 16. Qf3 Bc5 17. Nf5 b5 18. Nh6+ Kf8 19. Rxe8+ Kxe8 20. Re1+ Kf8 21. Nf5 Qb6 22. b4 Bd6 23. Bd4 Qc6 24. Nxd6 Rd8 25. Nf5 Ne4 26. Bxg7+ Ke8 27. Qg4 Rd7 28. f3 f6 29. fxe4 dxe4 30. Qxe4+ 1-0

[Event "European School-ch 2019"]
[Site "Mamaia"]
[Date "2019.06.01"]
[Round "2.34"]
[White "Tutunculer, Cagan"]
[Black "Danila, Tudor-Gabriel"]
[Result "1-0"]
[ECO "A36"]
[WhiteElo "1193"]
[BlackElo "1336"]
[Annotator "NA"]
[PlyCount "73"]
[EventDate "2019.05.31"]
[EventType "swiss"]
[EventCountry "ROU"]
[SourceTitle "playchess.com"]
[Source "ChessBase"]
[SourceQuality "1"]
[TimeControl "40/5400+30:1800+30"]

1. c4 c5 2. Nc3 g6 3. g3 Bg7 4. Bg2 Nc6 5. e4 d6 6. d3 e5 7. Nge2 Nge7 8. O-O O-O 9. Be3 Qb6 10. Qd2 f5 11. f4 Be6 12. Rac1 Rac8 13. Nd5 Qd8 14. Nec3 Qd7 15. a3 Nd4 16. Bxd4 cxd4 17. Nxe7+ Qxe7 18. Nd5 Qd7 19. b4 b6 20. Qb2 Rfe8 21. b5 fxe4 22. Bxe4 Bf5 23. Rce1 Bxe4 24. Rxe4 Qb7 25. Qg2 Qd7 26. Ra1 Ra8 27. a4 Rec8 28. a5 Qd8 29. Qd2 Bh6 30. Qa2 Bg7 31. c5 Kh8 32. cxb6 Rc5 33. Nc7 Rc8 34. Qf7 d5 35. Ree1 e4 36. Ne6 Qd6 37. Qxg7# 1-0

[Event "European School-ch 2019"]
[Site "Mamaia"]
[Date "2019.06.01"]
[Round "2.41"]
[White "Mirioglu, Eylul"]
[Black "Mgeladze, Kesaria"]
[Result "0-1"]
[ECO "B01"]
[WhiteElo "1048"]
[BlackElo "1322"]
[Annotator "NA"]
[PlyCount "80"]
[EventDate "2019.05.31"]
[EventType "swiss"]
[EventCountry "ROU"]
[SourceTitle "playchess.com"]
[Source "ChessBase"]
[SourceQuality "1"]
[TimeControl "40/5400+30:1800+30"]

1. e4 d5 2. exd5 Qxd5 3. Nc3 Qa5 4. d4 c6 5. Bd2 Nf6 6. h3 Bf5 7. Nf3 e6 8. a3 Be7 9. Be2 Nbd7 10. O-O O-O 11. Re1 Qc7 12. Bd3 Bg6 13. Bxg6 hxg6 14. Bg5 Nb6 15. Ne4 Nxe4 16. Bxe7 Nxf2 17. Kxf2 Qxe7 18. b3 Rad8 19. c3 Qf6 20. Kg1 c5 21. a4 Nd5 22. dxc5 Nxc3 23. Qc2 Rd5 24. b4 a5 25. Ne5 axb4 26. Nf3 Rxc5 27. Rab1 Rfc8 28. Qb3 Nxb1 29. Qxb1 Qf4 30. Kf2 Rc2+ 31. Re2 Qe4 32. Nd2 Qd4+ 33. Kg3 R8c3+ 34. Nf3 Rxe2 35. Kh2 Qf4+ 36. Kg1 Rc1+ 37. Qxc1 Qxc1+ 38. Kh2 Qf1 39. Nh4 Qf4+ 40. Kh1 Re1# 0-1

[Event "European School-ch 2019"]
[Site "Mamaia"]
[Date "2019.06.01"]
[Round "2.42"]
[White "Voronaya, Eva"]
[Black "Shatil, Or"]
[Result "0-1"]
[ECO "A48"]
[WhiteElo "1005"]
[BlackElo "1199"]
[Annotator "NA"]
[PlyCount "94"]
[EventDate "2019.05.31"]
[EventType "swiss"]
[EventCountry "ROU"]
[SourceTitle "playchess.com"]
[Source "ChessBase"]
[SourceQuality "1"]
[TimeControl "40/5400+30:1800+30"]

1. d4 Nf6 2. Nf3 g6 3. Nc3 d5 4. Bf4 Bg7 5. Nb5 Na6 6. e3 O-O 7. Bd3 c5 8. dxc5 Nxc5 9. Nc7 Rb8 10. Nxd5 Nxd5 11. Bxb8 Bxb2 12. Bc4 Nc3 13. Qxd8 Rxd8 14. Be2 Bxa1 15. Bxa7 N5e4 16. Bd4 Nxe2 17. Kxe2 Bxd4 18. Nxd4 e5 19. Nb3 b6 20. f3 Ba6+ 21. Ke1 Nc3 22. Kf2 Nd1+ 23. Kg3 Nxe3 24. Re1 Nf5+ 25. Kh3 f6 26. g4 Nd6 27. Kg3 Kf7 28. Rd1 Ne4+ 29. fxe4 Rxd1 30. Kg2 Bc4 31. Kf2 Bxb3 32. axb3 Rd2+ 33. Ke3 Rxc2 34. h3 Rc3+ 35. Ke2 Rxh3 36. b4 Rg3 37. Kf2 Rxg4 38. Kf3 h5 39. b5 Rg5 40. Ke3 h4 41. Kf3 h3 42. Kf2 h2 43. Ke3 h1=Q 44. Kd3 Rg3+ 45. Kc4 Qc1+ 46. Kb4 Qc3+ 47. Ka4 Qa3# 0-1

[Event "European School-ch 2019"]
[Site "Mamaia"]
[Date "2019.06.01"]
[Round "2.43"]
[White "Korolchuk, Vladyslava"]
[Black "Ismayilova, Khanim"]
[Result "0-1"]
[ECO "A27"]
[WhiteElo "1032"]
[BlackElo "1225"]
[Annotator "NA"]
[PlyCount "126"]
[EventDate "2019.05.31"]
[EventType "swiss"]
[EventCountry "ROU"]
[SourceTitle "playchess.com"]
[Source "ChessBase"]
[SourceQuality "1"]
[TimeControl "40/5400+30:1800+30"]

1. c4 e5 2. Nc3 Nc6 3. Nf3 d6 4. g3 g6 5. Bg2 Bg7 6. d3 f5 7. Rb1 Nf6 8. Bd2 O-O 9. Qc1 Be6 10. Bh6 Qe7 11. Bxg7 Kxg7 12. b3 Rad8 13. a3 Bf7 14. e4 Qd7 15. Qd2 Rfe8 16. O-O Nd4 17. Ng5 c5 18. exf5 Nxf5 19. Nxf7 Qxf7 20. Nd5 b6 21. Rfe1 Ne7 22. Nxe7 Qxe7 23. f4 Qd7 24. b4 Qf5 25. fxe5 Rxe5 26. Rxe5 Qxe5 27. Re1 Qd4+ 28. Qe3 Qxe3+ 29. Rxe3 Re8 30. Rxe8 Nxe8 31. Kf2 Kf6 32. Ke3 Ke5 33. h3 Nc7 34. h4 h6 35. g4 g5 36. hxg5 hxg5 37. Bf3 d5 38. Be2 d4+ 39. Kf3 cxb4 40. axb4 a5 41. bxa5 bxa5 42. Bd1 Ne6 43. Ke2 Nc5 44. Kd2 Kf4 45. Be2 Ke5 46. Kc2 Kf4 47. Kd2 Kg3 48. Bd1 Kf2 49. Bc2 a4 50. Kc1 Kf3 51. Bd1+ Ke3 52. Kb2 Kxd3 53. Ka3 Kxc4 54. Bxa4 Nxa4 55. Kxa4 d3 56. Ka3 d2 57. Ka2 d1=Q 58. Kb2 Qb3+ 59. Kc1 Qd3 60. Kb2 Qc3+ 61. Kb1 Qd2 62. Ka1 Kb3 63. Kb1 Qd1# 0-1

[Event "European School-ch 2019"]
[Site "Mamaia"]
[Date "2019.06.01"]
[Round "2.45"]
[White "Mikhailina, Olga"]
[Black "Zhapova, Yana"]
[Result "0-1"]
[ECO "B20"]
[WhiteElo "1338"]
[BlackElo "1804"]
[Annotator "NA"]
[PlyCount "144"]
[EventDate "2019.05.31"]
[EventType "swiss"]
[EventCountry "ROU"]
[SourceTitle "playchess.com"]
[Source "ChessBase"]
[SourceQuality "1"]
[TimeControl "40/5400+30:1800+30"]

1. e4 c5 2. Ne2 d6 3. g3 Nc6 4. Bg2 g6 5. c3 Bg7 6. d4 cxd4 7. cxd4 Nf6 8. Nbc3 O-O 9. O-O Bd7 10. h3 Rc8 11. Be3 a6 12. Qd2 b5 13. b3 e5 14. f4 Qe7 15. fxe5 dxe5 16. d5 b4 17. Nd1 Nd4 18. Bxd4 exd4 19. Nf2 Bb5 20. Rac1 d3 21. Nf4 Nd7 22. N4xd3 Bc3 23. Qf4 Ne5 24. Rfd1 f5 25. Nxe5 Bxe5 26. Qf3 Rxc1 27. Rxc1 fxe4 28. Qxe4 Qg5 29. Re1 Bxg3 30. Qe6+ Kh8 31. Ne4 Qf4 32. Nxg3 Qxg3 33. Qe5+ Qxe5 34. Rxe5 Kg7 35. Be4 Rf1+ 36. Kg2 Re1 37. Re6 Re2+ 38. Kg3 Rxa2 39. Re7+ Kf6 40. Rxh7 Rb2 41. Rh6 Be8 42. Rh8 Rxb3+ 43. Kf2 Bd7 44. Rh6 Bf5 45. Bxf5 Kxf5 46. Ke2 Rg3 47. Rh8 Ke5 48. Ra8 b3 49. Kf2 Rxh3 50. Kg2 Rc3 51. Rxa6 b2 52. Rb6 Rc2+ 53. Kf3 Kxd5 54. Ke3 Kc4 55. Rb8 Rc3+ 56. Ke4 Rb3 57. Rc8+ Kb4 58. Rb8+ Kc3 59. Rc8+ Kd2 60. Rd8+ Ke2 61. Rh8 Re3+ 62. Kd4 b1=Q 63. Rh2+ Kf3 64. Rh3+ Kf4 65. Rxe3 Qb4+ 66. Kd3 Qb3+ 67. Kd2 Qxe3+ 68. Kd1 Qf2 69. Kc1 Ke3 70. Kb1 Kd3 71. Ka1 Kc3 72. Kb1 Qb2# 0-1

[Event "European School-ch 2019"]
[Site "Mamaia"]
[Date "2019.06.01"]
[Round "2.46"]
[White "Babic, Masa"]
[Black "Karas, Eugenia"]
[Result "1-0"]
[ECO "A07"]
[WhiteElo "1715"]
[BlackElo "1372"]
[Annotator "NA"]
[PlyCount "103"]
[EventDate "2019.05.31"]
[EventType "swiss"]
[EventCountry "ROU"]
[SourceTitle "playchess.com"]
[Source "ChessBase"]
[SourceQuality "1"]
[TimeControl "40/5400+30:1800+30"]

1. Nf3 d5 2. g3 Nf6 3. Bg2 c6 4. O-O Bg4 5. d4 e6 6. b3 Nbd7 7. Bb2 Be7 8. Nbd2 O-O 9. h3 Bh5 10. Rc1 c5 11. c4 Rc8 12. cxd5 Nxd5 13. Nc4 b5 14. Nce5 f6 15. Nxd7 Qxd7 16. dxc5 Bxc5 17. e4 Nb6 18. Qe2 Qe8 19. Rfd1 b4 20. g4 Bg6 21. Bd4 Bxd4 22. Nxd4 Rxc1 23. Rxc1 Qd7 24. Rd1 Rd8 25. Rd2 e5 26. Nf3 Qc7 27. Rc2 Qd7 28. Rc1 Qd3 29. Qxd3 Rxd3 30. Ne1 Rd2 31. Rc2 Rd7 32. f3 Kf7 33. Bf1 Na8 34. Nd3 Rb7 35. Nc5 Rc7 36. Bc4+ Ke7 37. Na6 Rc6 38. Nxb4 Rc8 39. Nd5+ Kd6 40. Rd2 Kc5 41. b4+ Kxc4 42. Rc2+ Kb5 43. Rxc8 Nb6 44. Nxb6 axb6 45. a3 Ka4 46. Rb8 Kxa3 47. Rxb6 Be8 48. Kf2 Ka4 49. h4 Bb5 50. Rb7 g5 51. h5 h6 52. Rb6 1-0

[Event "European School-ch 2019"]
[Site "Mamaia"]
[Date "2019.06.01"]
[Round "2.47"]
[White "Lyukina, Sofya"]
[Black "Babic, Milana"]
[Result "0-1"]
[ECO "B13"]
[WhiteElo "1252"]
[BlackElo "1677"]
[Annotator "NA"]
[PlyCount "82"]
[EventDate "2019.05.31"]
[EventType "swiss"]
[EventCountry "ROU"]
[SourceTitle "playchess.com"]
[Source "ChessBase"]
[SourceQuality "1"]
[TimeControl "40/5400+30:1800+30"]

1. e4 c6 2. d4 d5 3. exd5 cxd5 4. Nf3 Nc6 5. c3 Nf6 6. Bd3 Bg4 7. h3 Bh5 8. Bf4 e6 9. O-O Bd6 10. Bxd6 Qxd6 11. Nbd2 O-O 12. Rc1 Rac8 13. Qe2 Rfe8 14. Rfe1 e5 15. dxe5 Nxe5 16. Qf1 Nxf3+ 17. Nxf3 Bxf3 18. gxf3 Qf4 19. Qg2 Qd2 20. Red1 Qf4 21. Kh1 d4 22. c4 Re5 23. Rg1 g6 24. Rcd1 Rcc5 25. Qg3 Qh6 26. b4 Rg5 27. Qb8+ Kg7 28. bxc5 Qxh3+ 29. Qh2 Qxf3+ 30. Rg2 Qxd1+ 31. Qg1 Rh5+ 32. Rh2 Rxh2+ 33. Kxh2 Qxd3 34. Qc1 Ng4+ 35. Kg2 Ne5 36. Qf4 Nxc4 37. a4 g5 38. Qg4 Ne5 39. Qh5 Qf3+ 40. Qxf3 Nxf3 41. Kxf3 f5 {[%emt 0:00:07] Ke4} 0-1

[Event "European School-ch 2019"]
[Site "Mamaia"]
[Date "2019.06.01"]
[Round "2.48"]
[White "Rasheva, Nora"]
[Black "Bendik, Margarita"]
[Result "1-0"]
[ECO "D15"]
[WhiteElo "1473"]
[BlackElo "1077"]
[Annotator "NA"]
[PlyCount "119"]
[EventDate "2019.05.31"]
[EventType "swiss"]
[EventCountry "ROU"]
[SourceTitle "playchess.com"]
[Source "ChessBase"]
[SourceQuality "1"]
[TimeControl "40/5400+30:1800+30"]

1. d4 d5 2. Nf3 Nf6 3. c4 c6 4. Nc3 a6 5. Bg5 dxc4 6. a4 Nd5 7. a5 g6 8. e4 Nxc3 9. bxc3 Be6 10. Qa4 Bg7 11. Rb1 Qc7 12. Qb4 Ra7 13. Qc5 Ra8 14. Bh4 O-O 15. Bxe7 Re8 16. Bd6 Qd7 17. Bxb8 Raxb8 18. Be2 Bf8 19. Qg5 Bg4 20. Ne5 Rxe5 21. Qxe5 Re8 22. Bxg4 f5 23. Bxf5 gxf5 24. Qg3+ Kh8 25. e5 Re7 26. O-O Qd5 27. f3 Qxa5 28. Qh4 Qxc3 29. Qf6+ Kg8 30. Rfd1 Qc2 31. Rbc1 Qe2 32. Qxf5 Rg7 33. Qh3 Ba3 34. Re1 Qb2 35. Rxc4 Qd2 36. Rf1 Qe3+ 37. Kh1 Qd3 38. Qe6+ Kh8 39. Rg1 Bb2 40. f4 Bxd4 41. Rxd4 Qxd4 42. f5 Qd5 43. Qxd5 cxd5 44. e6 Re7 45. g4 b5 46. Re1 Kg7 47. g5 Kf8 48. f6 Re8 49. h4 b4 50. h5 Rb8 51. g6 hxg6 52. hxg6 b3 53. e7+ Ke8 54. f7+ Kd7 55. e8=Q+ Rxe8 56. fxe8=Q+ Kd6 57. Qe7+ Kc6 58. Rc1+ Kb5 59. Qc5+ Ka4 60. Ra1# 1-0

[Event "European School-ch 2019"]
[Site "Mamaia"]
[Date "2019.06.01"]
[Round "2.49"]
[White "Shuqja, Klean"]
[Black "Palos, Andra-Maria"]
[Result "1/2-1/2"]
[ECO "B13"]
[WhiteElo "1858"]
[BlackElo "1487"]
[Annotator "NA"]
[PlyCount "89"]
[EventDate "2019.05.31"]
[EventType "swiss"]
[EventCountry "ROU"]
[SourceTitle "playchess.com"]
[Source "ChessBase"]
[SourceQuality "1"]
[TimeControl "40/5400+30:1800+30"]

1. e4 c6 2. d4 d5 3. exd5 cxd5 4. Bd3 Nc6 5. c3 Nf6 6. Bf4 g6 7. Nf3 Bf5 8. O-O Bxd3 9. Qxd3 Bg7 10. Nbd2 O-O 11. Rae1 Rc8 12. Ne5 e6 13. h3 Nxe5 14. Bxe5 Nd7 15. Bxg7 Kxg7 16. f4 h5 17. Qg3 h4 18. Qg4 Qf6 19. Nf3 Rh8 20. Ng5 Qf5 21. Qd1 Rc4 22. Rf2 Nb6 23. Re5 Qf6 24. Qe2 Rc6 25. Qf3 Nc4 26. Re1 Nd6 27. Rfe2 Nf5 28. Qd3 Ng3 29. Rf2 a6 30. a4 Rhc8 31. Rc1 Rc4 32. Ra1 Qf5 33. Qe3 Qf6 34. Kh2 Qf5 35. a5 Qf6 36. Rd1 Nf5 37. Qf3 R8c7 38. Rfd2 Rc8 39. Rd3 Ra4 40. b4 Ra3 41. Rc1 Ra2 42. Rf1 Ng3 43. Re1 Qf5 44. Qe3 Rc2 45. Qf3 1/2-1/2

[Event "European School-ch 2019"]
[Site "Mamaia"]
[Date "2019.06.01"]
[Round "2.50"]
[White "Petricenco, Ana"]
[Black "Kapicakova, Lucia"]
[Result "0-1"]
[ECO "B10"]
[WhiteElo "1484"]
[BlackElo "1776"]
[Annotator "NA"]
[PlyCount "60"]
[EventDate "2019.05.31"]
[EventType "swiss"]
[EventCountry "ROU"]
[SourceTitle "playchess.com"]
[Source "ChessBase"]
[SourceQuality "1"]
[TimeControl "40/5400+30:1800+30"]

1. e4 c6 2. d3 d5 3. Nd2 dxe4 4. dxe4 Nd7 5. Ngf3 e5 6. Be2 Ngf6 7. O-O Be7 8. c3 O-O 9. Qc2 Qc7 10. a4 b6 11. Nc4 Bb7 12. Re1 Rfe8 13. Bf1 Rad8 14. Ne3 g6 15. Bd2 Bf8 16. Rad1 Bg7 17. Bc1 Nc5 18. Rxd8 Rxd8 19. Nc4 Ne8 20. b4 Ne6 21. Ng5 Nxg5 22. Bxg5 Rd7 23. f3 Nd6 24. Rd1 f6 25. Be3 Qd8 26. Qd2 Bf8 27. Bc5 bxc5 28. bxc5 Nxe4 29. Qxd7 Bxc5+ 30. Kh1 Nf2+ 0-1

[Event "European School-ch 2019"]
[Site "Mamaia"]
[Date "2019.06.01"]
[Round "2.51"]
[White "Karaivanova, Petya"]
[Black "Mamardashvili, Ana"]
[Result "1/2-1/2"]
[ECO "B13"]
[WhiteElo "1688"]
[BlackElo "1415"]
[Annotator "NA"]
[PlyCount "165"]
[EventDate "2019.05.31"]
[EventType "swiss"]
[EventCountry "ROU"]
[SourceTitle "playchess.com"]
[Source "ChessBase"]
[SourceQuality "1"]
[TimeControl "40/5400+30:1800+30"]

1. e4 c6 2. d4 d5 3. exd5 cxd5 4. Bd3 Nc6 5. c3 Qc7 6. Nf3 Bg4 7. h3 Bh5 8. g4 Bg6 9. Bb5 f6 10. Qe2 Bf7 11. Nbd2 O-O-O 12. Nb3 e6 13. Be3 Bd6 14. a3 e5 15. O-O-O Kb8 16. Kb1 a6 17. Bxc6 Qxc6 18. Ka2 Ne7 19. Rc1 Qc4 20. Qd1 Rc8 21. Nfd2 Qb5 22. Ka1 Ng6 23. Nf3 Rhd8 24. Ne1 e4 25. Ng2 Rc6 26. Nd2 Qa5 27. Ka2 Rdc8 28. Nb3 Qb5 29. Nd2 Rb6 30. Rb1 Qa5 31. Nb3 Qb5 32. Nd2 Qa5 33. Rc1 Qb5 34. Qb3 Qa5 35. Qd1 Ne5 36. b4 Bxb4 37. cxb4 Rxb4 38. Rxc8+ Kxc8 39. Qc2+ Kd8 40. Rc1 Nc6 41. Qc5 Rb5 42. Qf8+ Be8 43. Nb3 Qa4 44. Rc3 Nb4+ 45. Kb2 Nd3+ 46. Kc2 Rxb3 47. Rxb3 Qc4+ 48. Rc3 Qa2+ 49. Kd1 Nb2+ 50. Kd2 Nc4+ 51. Ke1 Qb2 52. Rc1 Nxe3 53. Qd6+ Bd7 54. Qc7+ Ke8 55. Nxe3 Bc6 56. Rc2 Qa1+ 57. Nd1 Qxd4 58. Qxg7 Qa4 59. Rc3 d4 60. Qg8+ Ke7 61. Qxh7+ Ke8 62. Qg8+ Ke7 63. Qc4 dxc3 64. Qxc3 Qb5 65. Nb2 Qg5 66. Qb4+ Kf7 67. Qc3 Qf4 68. Qc4+ Kg7 69. Qc3 Qh2 70. a4 Qg1+ 71. Ke2 Qh2 72. Qa3 Qe5 73. Nc4 Qe6 74. Ne3 b5 75. Nf5+ Kf7 76. Nd6+ Kg7 77. axb5 Bxb5+ 78. Ke1 Qe5 79. Nf5+ Kf7 80. Qa2+ Kf8 81. Qa5 Qd5 82. Qa3+ Kf7 83. Qe7+ 1/2-1/2